← All builds
Suicide front / Cortex / Economy first / OBSERVED BUILD

Standard suicide front

The role's baseline bot lab opening: secure mexes, push out Thugs, Aggravators and Grunts to contest the middle and hold until T2 arrives.

#rush · 353 distinct matches · 76 players · 67% of Cortex Suicide front games · team won 51% of 366 · Recently observed

HOW TO PLAY IT

Key timing: Bot Lab by 0:34

  1. Take 3 mex, then rush a Bot Lab immediately for early army.
  2. Finish Bot Lab, start pumping Thug, Grunt and Aggravator.
  3. Push units to middle to contest and secure reclaim early.
  4. Add Advanced Metal Extractor to keep economy scaling with the fight.
  5. Hold middle with bots until T2 reinforcements arrive from Geo.

Phase by phase

TYPICAL OF ITS 353 GAMES
  1. 1
  2. 2
  3. 3
PLAY THE OPENING

Follow the example game's first 6:00 step by step: what to build now, what comes next, and where it goes. At 1× it keeps pace with your own game.

  1. 1

    Up to the Bot Lab

    Economy
    • Metal Extractor1Mex
    Order
    1. Bot LabBot Lab after 1 mexdone ~0:34, middle half 0:26–0:44

    By 0:17 in all: 1 mex

    The example game in this phase · 2 steps
    1. Mex ×3
    2. Bot LabBot Labdone 0:44 · typical 0:34
  2. 2

    Bot Lab to 5:00

    Economy
    • Metal Extractor4Mex
    • Wind Turbine3Wind
    Builders
    • Graverobber4 Graverobber
    • Construction Bot3 Con bot
    Army
    • Guard3 Guard
    • Thug14 Thug
    • Grunt3 Grunt
    • Aggravator2 Aggravator
    Other
    • Radar Tower1 Radar Tower

    By 5:00 in all: 5 mex · 3 wind

    The example game in this phase · 36 steps
    1. GruntGrunt
    2. GraverobberGraverobber ×2
    3. ThugThug ×4
    4. Construction BotCon bot ×2
    5. GuardGuard
    6. ThugThug ×2
    7. Mex
    8. ThugThug ×2
    9. Radar TowerRadar Tower
    10. Wind
    11. ThugThug
    12. Mex
    13. Construction BotCon bot
    14. Wind
    15. GuardGuard
    16. GraverobberGraverobber
    17. GuardGuard
    18. ThugThug
    19. Wind
    20. ThugThug ×2
    21. Wind
    22. GraverobberGraverobber ×2
    23. Wind
    24. ThugThug
    25. Dragon's TeethDragon's Teeth ×2
    26. ThugThug
    27. Dragon's TeethDragon's Teeth
    28. ThugThug
    29. Wind
    30. Construction BotCon bot
    31. GraverobberGraverobber
    32. ThugThug
    33. Wind
    34. PawnPawn
    35. ThugThug ×3
    36. Wind
  3. 3

    5:00 to 10:00

    Economy
    • Metal Extractor1Mex
    • Wind Turbine14Wind
    Builders
    • Construction Turret2 Con turret
    • Graverobber2 Graverobber
    • Construction Bot1 Con bot
    Army
    • Guard1 Guard
    • Thug6 Thug
    • Grunt3 Grunt

    Some games also: aggravator (50%) · energy storage (47%) · Radar Tower (44%) · Twin Guard (31%) · converter (30%)

    By 10:00 in all: 6 mex · 18 wind · 1 energy storage · 2 con turret

    The example game in this phase · 95 steps
    1. ThugThug ×2
    2. RocketeerRocketeer
    3. Wind
    4. ThugThug ×2
    5. RocketeerRocketeer
    6. Wind
    7. Construction BotCon bot
    8. RocketeerRocketeer ×2
    9. Wind
    10. GraverobberGraverobber
    11. RocketeerRocketeer ×2
    12. Wind
    13. ThugThug ×2
    14. Wind
    15. ThugThug ×2
    16. Wind
    17. RocketeerRocketeer
    18. Construction BotCon bot
    19. MaceMace
    20. Wind
    21. MaceMace ×2
    22. ShipyardShipyarddone 7:04
    23. Construction BotCon bot
    24. Wind
    25. RocketeerRocketeer
    26. PawnPawn
    27. Wind
    28. Construction BotCon bot
    29. MaceMace
    30. ThugThug
    31. Wind
    32. AggravatorAggravator
    33. Construction BotCon bot
    34. GuardGuard
    35. ThugThug
    36. RiptideFrigatedone 7:28
    37. RocketeerRocketeer
    38. GuardGuard
    39. Construction BotCon bot
    40. AggravatorAggravator
    41. Wind
    42. AggravatorAggravator
    43. Construction BotCon bot
    44. RocketeerRocketeer
    45. RiptideFrigate
    46. Wind
    47. MaceMace
    48. Construction BotCon bot
    49. Radar TowerRadar Tower
    50. Construction BotCon bot
    51. GuardGuard
    52. Wind
    53. MaceMace
    54. RiptideFrigate
    55. BlitzBlitz
    56. Construction BotCon bot
    57. GuardGuard
    58. BlitzBlitz
    59. Energy storage
    60. AggravatorAggravator
    61. Converter
    62. ThugThug
    63. Construction BotCon bot
    64. GuardGuard
    65. MaceMace
    66. GuardGuard ×2
    67. RocketeerRocketeer
    68. Converter
    69. Wind
    70. ThugThug
    71. Wind
    72. ThugThug
    73. RiptideFrigate
    74. BlitzBlitz
    75. Converter
    76. Energy storage
    77. MaceMace
    78. GuardGuard
    79. Wind
    80. ThugThug
    81. Wind
    82. MaceMace ×2
    83. Converter
    84. ThistleThistle
    85. MaceMace ×2
    86. BlitzBlitz
    87. Wind ×2
    88. MaceMace
    89. Converter
    90. MaceMace
    91. Energy storage
    92. MaceMace
    93. Wind
    94. RiptideFrigate
    95. Wind

Counts are medians over the build's games: half of them build more, half fewer. The example game is [GerBoyz]Stinkfisch's (38 OS, 22/09/2026); pick another.

Team trades

IN AT LEAST 30% OF ITS GAMES

You hand over

Nothing regular.

You get

  • Tidal Generator4 Tidal from Pondfirst at 0:10 · in 69% of games
  • Advanced Construction Bot1 T2 con bot from Geo or Techfirst at 7:32 · in 57% of games

How it plays out

Typical game of this build, running totals by minute

Metal produced

010k20k
0:005:0010:0015:00

metal

Enemy metal destroyed

05k10k
0:005:0010:0015:00

metal

Own metal lost

05k10k15k
0:005:0010:0015:00

metal

366 games.

Show as table
ByMetal produced: This buildEnemy metal destroyed: This buildOwn metal lost: This build
1:0027300
2:0095600
3:002058191130
4:003151663628
5:00432816971420
6:00553425652380
7:00676835643465
8:00797145054456
9:00923451865453
10:001045058116293
11:001194662887124
12:001361268158150
13:001530674618924
14:001705482219879
15:0018776887210532
WHAT THE NUMBERS SAY

This is the role's baseline aggressive job, winning half its games while both dealing and taking heavy metal losses fighting at middle.

  • + Fastest Bot Lab of any role (0:34), gets units fighting almost immediately.
  • + Destroys 8805 enemy metal by 15:00 through constant middle pressure.
  • − Loses 10461 own metal by 15:00, more than it destroys.
  • − Metal production lags behind other front role at 18297 by 15:00.
THE EXAMPLE YOU ARE READING

[GerBoyz]Stinkfisch

38.2 OS · 22/09/2026

Open source match ↗

8 received units
85 metal received · 15362 energy received

Allied construction assistance is unknown. Timings are observations, not a promise of solo reproducibility.

Typical milestones

Bot Lab0:34Middle 50%: 0:26–0:44 · n=362
Advanced Metal Extractor9:42Middle 50%: 8:46–10:57 · n=238

Played most by

_X_59games of this build_Hawkey_34games of this buildGuiTou23games of this buildImmort23games of this buildViltrum22games of this build